 Dungeon Crawl Stone Soup version 0.26-a0-259-g1effd001a9 (webtiles) character file.

Game seed: 18282984769427544663

23 Goblin1989 the Grasshopper (level 2, 0/26 HPs)
             Began as a Gnoll Warper on July 14, 2020.
             Slain by Terence
             ... wielding a +0 hand axe
              (2 damage)
             ... on level 2 of the Dungeon.
             The game lasted 00:01:30 (90 turns).

Goblin1989 the Grasshopper (Gnoll Warper)             Turns: 90, Time: 00:01:31

Health: 0/26       AC:  3    Str: 13    XL:     2   Next: 95%
Magic:  7/7        EV: 14    Int: 15    God:
Gold:   0          SH:  0    Dex: 14    Spells: 10/10 levels left

rFire    . . .     SeeInvis .   a - +0 hand axe
rCold    . . .     Faith    .   (no shield)
rNeg     . . .     Spirit   .   b - +0 leather armour
rPois    .         Reflect  .   (no helmet)
rElec    .         Harm     .   (no cloak)
rCorr    .                      (no gloves)
MR       .....                  (no boots)
Stlth    +.........             (no amulet)
HPRegen  0.08/turn              (no ring)
MPRegen  0.10/turn              (no ring)

@: lethally poisoned (0 -> -2)
A: distributed training, fangs 1, strong nose
a: no special abilities


You were on level 2 of the Dungeon.
You were not hungry.

You visited 1 branch of the dungeon, and saw 2 of its levels.

Inventory:

Hand Weapons
 a - a +0 hand axe (weapon)
Missiles
 f - 5 boomerangs of dispersal (quivered)
Armour
 b - a +0 leather armour (worn)
Scrolls
 B - a scroll of blinking
 C - a scroll of remove curse {unknown}
Comestibles
 e - 2 rations


   Skills:
 + Level 4.5 Fighting
 + Level 0.5 Short Blades
 + Level 0.5 Long Blades
 + Level 4.5 Axes
 + Level 0.5 Maces & Flails
 + Level 0.5 Polearms
 + Level 0.5 Staves
 + Level 0.5 Slings
 + Level 0.5 Bows
 + Level 0.5 Crossbows
 + Level 2.5 Throwing
 + Level 2.5 Armour
 + Level 4.5 Dodging
 + Level 0.5 Stealth
 + Level 0.5 Shields
 + Level 0.5 Unarmed Combat
 + Level 4.9 Spellcasting
 + Level 0.4 Conjurations
 + Level 0.4 Hexes
 + Level 0.4 Charms
 + Level 0.4 Summonings
 + Level 0.4 Necromancy
 + Level 5.4 Translocations
 + Level 0.4 Transmutations
 + Level 0.4 Fire Magic
 + Level 0.4 Ice Magic
 + Level 0.4 Air Magic
 + Level 0.4 Earth Magic
 + Level 0.4 Poison Magic
 + Level 0.7 Invocations
 + Level 0.5 Evocations


You had 10 spell levels left.
You didn't know any spells.
Your spell library contained the following spells:

 Spells                   Type           Power        Failure   Level
 Blink                    Tloc           N/A          3%          2
 Gell's Gravitas          Tloc           ###.......   7%          3
 Lesser Beckoning         Tloc           ###.......   7%          3
 Teleport Other           Tloc           ###.....     7%          3
 Shroud of Golubria       Chrm/Tloc      ##....       10%         2
 Passage of Golubria      Tloc           N/A          22%         4


Dungeon Overview and Level Annotations

Branches:
Dungeon (2/15)

Altars:

Annotations:
D:2 Terence


Innate Abilities, Weirdness & Mutations

Your experience applies equally to all skills.
You have very sharp teeth.
Your uncanny sense of smell can sniff out nearby items.


Message History

The giant cockroach is almost dead.
You hit the giant cockroach but do no damage.
The giant cockroach completely misses you.
The giant cockroach barely misses you.
You hit the giant cockroach.
You kill the giant cockroach!
You hit the giant cockroach.
You kill the giant cockroach!
Unknown command.
Terence the Incautious comes into view.
He is wielding a +0 hand axe.
Terence shouts!
You see here a giant cockroach corpse.
An adder comes into view.
The adder hisses angrily.
An adder comes into view.
Terence shouts, "Get ready for death!"
The adder hisses angrily.
The adder closely misses you. The adder barely misses you.
You miss the adder. x2; The adder barely misses you.
The adder bites you but does no damage. The adder closely misses you.
You slash the adder!
The adder is severely wounded.
You hit the adder. The adder bites you. The adder closely misses you.
You take 5 damage, and have 15/20 hp.
MASSIVE DAMAGE!!
Unknown command.
You hit the adder.
You kill the adder!
You have reached level 2!
You hit the adder. The adder closely misses you.
You regained 5 hp, and now have 20/26 hp.
MP restored: 7 Unknown command.
Unknown command.
You barely miss the adder.
The adder is heavily wounded.
You hit Terence. The adder bites you. Terence hits you but does no damage.
The adder closely misses you.
You take 3 damage, and have 17/26 hp.
Unknown command.
You hit the adder.
The adder is almost dead.
You hit Terence but do no damage. Terence barely misses you.
The adder barely misses you.
Unknown command.
You hit the adder but do no damage.
The adder is almost dead.
You hit Terence but do no damage. The adder bites you.
Terence hits you with a +0 hand axe.
* * * LOW HITPOINT WARNING * * *
You take 7 damage, and have 10/26 hp.
MASSIVE DAMAGE!!
Unknown command.
You barely miss the adder.
The adder is almost dead.
You hit Terence but do no damage. The adder bites you.
* * * LOW HITPOINT WARNING * * *
You are poisoned.
The adder poisons you! Terence misses you. The adder barely misses you.
You take 4 damage, and have 6/26 hp.
Unknown command.
You miss the adder. You bite the adder.
You kill the adder!
You closely miss Terence.
You feel sick. Terence closely misses you.
You take 1 damage, and have 5/26 hp.
Unknown command.
You completely miss Terence.
Terence is lightly wounded.
Terence closely misses you.
You hit Terence.
Terence is moderately wounded.
You feel sick. Terence closely misses you.
You take 1 damage, and have 5/26 hp.
You hit Terence.
Terence is moderately wounded.
Terence barely misses you.
Unknown command.
You hit Terence. Your bite misses Terence.
Terence is heavily wounded.
Terence hits you but does no damage.
You hit Terence but do no damage.
Terence is heavily wounded.
Terence hits you with a +0 hand axe.
* * * LOW HITPOINT WARNING * * *
You take 2 damage, and have 3/26 hp.
Unknown command.
You aren't carrying any potions.
Unknown command.
Unknown command.
You barely miss Terence. You bite Terence, but do no damage.
Terence is heavily wounded.
* * * LOW HITPOINT WARNING * * *
You feel sick. Terence barely misses you.
You take 1 damage, and have 2/26 hp.
You hit Terence.
Terence is severely wounded.
Terence barely misses you.
You hit Terence but do no damage.
Terence is severely wounded.
Terence hits you with a +0 hand axe.
You die...

█.........█....█
█.......█...████
█.......†..██
█.......████
█.......█
█.......█
████..███ █...@█
█..†@█ █...†█
█..... █...██.
...... ..
████... ██


████ You could see Terence.

Vanquished Creatures
  2 adders (D:2)
  2 giant cockroaches (D:2)
  A goblin (D:2)
  A kobold (D:1)
6 creatures vanquished.

Notes
Turn   | Place    | Note
-------+----------+-------------------------------------------
     0 | D:1      | Goblin1989 the Gnoll Warper began the quest for the Orb.
     0 | D:1      | Reached XP level 1. HP: 20/20 MP: 6/6
    68 | D:2      | Noticed Terence
    77 | D:2      | Reached XP level 2. HP: 20/26 MP: 7/7
    90 | D:2      | Slain by Terence

Illustrated notes

Levels and vault maps discovered:
D:1:      onia_arrival_mini_maze, layout_loops_corners, serial_rivers,
          chequers_serial_rivers_micro_c, chequers_serial_rivers_micro_c,
          chequers_serial_rivers_micro_e, chequers_serial_rivers_marsh,
          chequers_serial_rivers_micro_b
D:2:      layout_loops_ring, marbit_many_paths, uniq_sigmund, uniq_terence

Action                   || total
-------------------------++-------
Melee: Hand axe          ||    25
       Bite              ||     3
Armor: Leather armour    ||     4
Dodge: Dodged            ||    23

Table legend:
 A = Non-vault XP
 B = Vault XP
 C = Vault XP percentage of total XP
 D = Non-vault monster count
 E = Vault monster count
 F = Vault count percentage of total count
                 A         B        C        D         E       F
            +---------+---------+-------+---------+---------+-------
      Total |      33 |       0 |   0.0 |       6 |       0 |   0.0
            +---------+---------+-------+---------+---------+-------
        D:1 |       1 |       0 |   0.0 |       1 |       0 |   0.0
        D:2 |      32 |       0 |   0.0 |       5 |       0 |   0.0
            +---------+---------+-------+---------+---------+-------
